 Dungeon Crawl Stone Soup version 0.23.0 (webtiles) character file.

Game seed: 6106705525644672431

789 Descartes the Sneak (level 7, 0/62 HPs)
             Began as a Naga Warper on Feb 11, 2019.
             Slain by an ogre
             ... wielding a +0 giant club
              (24 damage)
             ... on level 5 of the Dungeon.
             The game lasted 00:20:27 (5801 turns).

Descartes the Sneak (Naga Warper)                   Turns: 5801, Time: 00:20:28

Health: 0/62       AC:  8    Str: 13    XL:     7   Next: 87%
Magic:  0/11       EV: 15    Int: 13    God:
Gold:   193        SH:  0    Dex: 18    Spells: 8/12 levels left

rFire    . . .     SeeInvis +   a - +0 trident
rCold    . . .     Gourm    .   (no shield)
rNeg     . . .     Faith    .   z - +3 leather armour
rPois    +         Spirit   +   s - +0 helmet
rElec    .         Reflect  .   (no cloak)
rCorr    .         Harm     .   (no gloves)
MR       .....                  (no barding)
Stlth    ++++......             w - amulet of guardian spirit
HPRegen  0.20/turn              (no ring)
MPRegen  0.12/turn              (no ring)

@: agile, very slow
A: large, see invisible, deformed body, poison resistance, slowness 2, slow
metabolism 1, spit poison 1, AC +2
a: Spit Poison


You were on level 5 of the Dungeon.
You were not hungry.

You visited 1 branch of the dungeon, and saw 5 of its levels.

You collected 193 gold pieces.

Inventory:

Hand Weapons
 a - a +0 trident (weapon)
 b - a +0 hunting sling
 x - a +0 spear
 A - the +2 dagger of the Secret Ghosts {flame, rF++}
   (You found it on level 5 of the Dungeon)

   It has been specially enchanted to burn those struck by it, causing extra
   injury to most foes and up to half again as much damage against particularly
   susceptible opponents.
   It greatly protects you from fire.
Missiles
 c - 142 stones (quivered)
 e - 5 tomahawks of dispersal
 i - 24 sling bullets
 o - 8 needles of sleeping
 q - 44 poisoned needles
 u - 48 bolts
 C - 52 arrows
Armour
 s - a +0 helmet (worn)
 z - a +3 leather armour (worn)
Jewellery
 w - an amulet of guardian spirit (around neck)
Scrolls
 d - a scroll of blinking
 h - 2 scrolls of enchant armour {unknown}
 l - 2 scrolls of identify
 m - 2 scrolls of remove curse {unknown}
 n - a scroll of fog {unknown}
 t - a scroll of amnesia {unknown}
 y - a scroll of magic mapping {unknown}
 D - a scroll of teleportation {unknown}
Potions
 g - 2 potions of heal wounds
 j - 2 potions of curing
 k - a potion of brilliance {unknown}
 p - a potion of lignification
 r - 2 potions of agility
 v - 2 potions of ambrosia {unknown}
Comestibles
 f - 8 rations
 B - a chunk of flesh


   Skills:
 + Level 3.2 Fighting
 * Level 4.2 Polearms
 - Level 0.8 Throwing
 + Level 2.0 Armour
 + Level 2.4 Dodging
 - Level 5.0 Stealth
 + Level 3.0 Spellcasting
 * Level 3.0 Charms
 * Level 4.3 Translocations


You had 8 spell levels left.
You knew the following spells:

 Your Spells              Type           Power        Failure   Level  Hunger
a - Shroud of Golubria    Chrm/Tloc      ##........   10%         2    ###....
b - Blink                 Tloc           N/A          8%          2    ###....

Your spell library contained the following spells:

 Spells                   Type           Power        Failure   Level  Hunger
 Gell's Gravitas          Tloc           ##........   14%         3    ###....
 Lesser Beckoning         Tloc           ##........   14%         3    ###....
 Teleport Other           Tloc           ##......     14%         3    ###....
 Passage of Golubria      Tloc           N/A          43%         4    #####..


Dungeon Overview and Level Annotations

Branches:
Dungeon (5/15)
 Temple: D:4-7

Altars:
Nemelex Xobeh
Okawaru
Sif Muna
The Shining One

Shops:
D:4 :


Innate Abilities, Weirdness & Mutations

You cannot wear boots.
Your serpentine skin is tough. (AC +2)
You have supernaturally acute eyesight. (SInv)
Armour fits poorly on your strangely shaped body.
Your system is resistant to poisons. (rPois)
You cover ground very slowly.
You have a slow metabolism.
You can spit poison.


Message History

The ogre is moderately wounded.
The ogre hits you with a +0 giant club.
* * * LOW HITPOINT WARNING * * *
You completely miss the ogre.
The ogre is moderately wounded.
The ogre closely misses you.
You hit the ogre.
The ogre is heavily wounded.
The ogre hits you with a +0 giant club!
* * * LOW HITPOINT WARNING * * *
You puncture the ogre!
The ogre is almost dead.
The ogre hits you with a +0 giant club!
* * * LOW HITPOINT WARNING * * *
You feel much better.
You are too injured to fight recklessly!
You barely miss the ogre.
The ogre is almost dead.
The ogre hits you with a +0 giant club!!
You die...

.......# .......# .
#.....# .. #.....# .#
+.....+ ..+ #.....#
...##
#.....#######.....#
+......@O..........
###.....####........#
#....#### #........#
#....#######....#####
#.#....#.....#......
#............###......
###....#.....# ......
######.....# ......
#......# ......


You could see an ogre.

Vanquished Creatures
  Purgy (D:3)
  A phantom (D:4)
  2 ogres (D:4)
  2 crimson imps (D:5)
  2 hounds
  2 iguanas
  3 orc wizards (D:5)
  2 worker ants
  A hound skeleton (D:5)
  2 adders
  A shadow imp (D:5)
  An ooze (D:3)
  A worm (D:4)
  3 leopard geckos (D:5)
  14 orcs
  A ball python (D:2)
  6 bats
  3 giant cockroaches (D:3)
  5 goblins
  6 hobgoblins
  4 jackals (D:2)
  3 quokkas
  A frilled lizard (D:1)
  4 kobolds
  3 rats
74 creatures vanquished.

Notes
Turn   | Place    | Note
-------+----------+-------------------------------------------
     0 | D:1      | Descartes the Naga Warper began the quest for the Orb.
     0 | D:1      | Reached XP level 1. HP: 19/19 MP: 3/3
   295 | D:1      | Reached skill level 1 in Stealth
   296 | D:1      | Reached XP level 2. HP: 12/26 MP: 5/5
  1301 | D:2      | Reached skill level 1 in Armour
  1602 | D:2      | Learned a level 2 spell: Shroud of Golubria
  1605 | D:2      | Learned a level 2 spell: Blink
  1748 | D:2      | Reached XP level 3. HP: 21/32 MP: 6/6
  2546 | D:3      | Reached skill level 2 in Stealth
  2998 | D:3      | Noticed Purgy
  3035 | D:3      | Killed Purgy
  3035 | D:3      | Reached skill level 3 in Stealth
  3035 | D:3      | Reached skill level 1 in Charms
  3035 | D:3      | Reached XP level 4. HP: 40/40 MP: 2/7
  3035 | D:3      | Reached XP level 5. HP: 46/46 MP: 2/8
  3576 | D:4      | Noticed an ogre
  3588 | D:4      | Killed an ogre
  3588 | D:4      | Reached XP level 6. HP: 50/55 MP: 7/9
  3740 | D:4      | Found a sparkling altar of Nemelex Xobeh.
  3869 | D:4      | Noticed a phantom
  3920 | D:4      | Killed a phantom
  4054 | D:4      | Reached skill level 4 in Stealth
  4054 | D:4      | Reached XP level 7. HP: 44/61 MP: 6/11
  4385 | D:4      | Found Pezoehos's Book Shop.
  4500 | D:4      | Found a glowing golden altar of the Shining One.
  4500 | D:4      | Found a faded altar of an unknown god.
  4505 | D:4      | Found an iron altar of Okawaru.
  4507 | D:4      | Found a faded altar of an unknown god.
  4508 | D:4      | Found a deep blue altar of Sif Muna.
  5095 | D:5      | Entered Level 5 of the Dungeon
  5118 | D:5      | Got a polished dagger
  5119 | D:5      | Identified the +2 dagger of the Secret Ghosts {flame, rF++}
                  | (You found it on level 5 of the Dungeon)
  5781 | D:5      | Reached skill level 5 in Stealth
  5799 | D:5      | HP: 1/62 [ogre/+0 giant club (11)]
  5801 | D:5      | Slain by an ogre

Skill      XL: |  1  2  3  4  5  6  7 |
---------------+----------------------+-----
Stealth        | 1 3 4 5 |  5.0
Armour         | 1 2 |  2.0
Polearms       | 3 4 |  4.2
Charms         | 1 2 3 |  3.0
Dodging        | 2 |  2.4
Fighting       | 3 |  3.2
Translocations | 4 |  4.3
Spellcasting   | 3 |  3.0
Throwing       | |  0.8

Action                   |  1- 3 |  4- 6 |  7- 9 || total
-------------------------+-------+-------+-------++-------
Melee: Spear             |   111 |       |       ||   111
       Trident           |    36 |    59 |   191 ||   286
       Dagger            |       |       |     9 ||     9
 Fire: Hunting sling     |       |       |    11 ||    11
Throw: Stone             |     3 |    20 |    10 ||    33
       Throwing net      |       |     1 |       ||     1
 Abil: Spit Poison       |     2 |     7 |     1 ||    10
  Use: Potion            |     4 |       |     2 ||     6
       Scroll            |     3 |       |       ||     3
 Stab: Sleeping          |     4 |     4 |       ||     8
  Eat: Chunk             |     5 |     3 |     2 ||    10
       Ration            |       |       |     1 ||     1
Armor: Leather armour    |     5 |     8 |    78 ||    91
       Ring mail         |    38 |     1 |       ||    39
       Skin              |    73 |       |       ||    73
Dodge: Dodged            |    49 |    14 |    92 ||   155
